 Dungeon Crawl Stone Soup version 0.28.0-43-g3370ac3207 (webtiles) character file.

Game seed: 3164765316422923600

18691 Murumi the Fighter (level 12, -4/140 HPs)
             Began as an Ogre Gladiator on Mar 26, 2022.
             Was an Elder of Makhleb.
             Slain by Befuwnopp's ghost (29 damage)
             ... on level 3 of the Lair of Beasts.
             The game lasted 00:47:51 (17137 turns).

Murumi the Fighter (Ogre Gladiator)                Turns: 17137, Time: 00:47:52

Health: -4/140     AC: 10    Str: 23    XL:     12   Next: 61%
Magic:  16/16      EV: 15    Int: 11    God:    Makhleb [****..]
Gold:   540        SH:  5    Dex: 22    Spells: 11/11 levels left

rFire   . . .      SeeInvis .   f - +6 shillelagh "Devastator" {shatter}
rCold   . . .      Faith    .   (no shield)
rNeg    . . .      Spirit   .   F - +0 steam dragon scales
rPois   .          Reflect  +   R - +1 hat
rElec   .          Harm     .   j - +2 cloak {Stlth+}
rCorr   .          Rampage  .   (gloves unavailable)
Will    +....                   (boots unavailable)
Stlth   ++++......              o - amulet of reflection
HPRegen 0.33/turn               n - +6 ring of dexterity
MPRegen 0.15/turn               P - +6 ring of dexterity

@: no status effects
A: large, unfitting armour, tough skin 1
a: Renounce Religion, Minor Destruction, Lesser Servant of Makhleb, Major
Destruction


You were on level 3 of the Lair of Beasts.
You worshipped Makhleb.
Makhleb was greatly pleased with you.
You visited 3 branches of the dungeon, and saw 13 of its levels.

You collected 1140 gold pieces.
You spent 600 gold pieces at shops.

Inventory:

Hand Weapons
 a - a +4 flail of protection
 f - the +6 shillelagh "Devastator" (weapon) {shatter}
   (You bought it in a shop on level 6 of the Dungeon)

   It releases a powerful concussive burst when it strikes, dealing extra damage
   to the target and all other foes adjacent to them.
 y - a +0 dire flail
 z - a +0 giant club
Missiles
 e - 286 stones (quivered)
 k - 3 poisoned darts
 p - 8 boomerangs
 v - a throwing net
 A - 6 large rocks
 O - 3 javelins
Armour
 j - a +2 cloak of stealth (worn)
 F - +0 steam dragon scales (worn)
 R - a +1 hat (worn)
Jewellery
 n - a +6 ring of dexterity (left hand)
 o - an amulet of reflection (around neck)
 s - a ring of poison resistance
 P - a +6 ring of dexterity (right hand)
Wands
 d - a wand of flame (11)
 x - a wand of digging (10)
 B - a wand of mindburst (9)
 C - a wand of iceblast (8)
 E - a wand of charming (24)
 G - a wand of polymorph (6)
 L - a wand of acid (6)
 N - a wand of paralysis (5)
Scrolls
 w - 3 scrolls of teleportation
 I - 2 scrolls of enchant weapon
 K - a scroll of enchant armour
 Q - a scroll of identify
Potions
 b - a potion of lignification
 g - a potion of berserk rage
 h - 4 potions of flight
 i - a potion of brilliance
 l - 6 potions of heal wounds
 m - 6 potions of haste
 q - 5 potions of attraction
 r - 2 potions of ambrosia
 t - 3 potions of curing
 u - 3 potions of mutation
 D - 2 potions of invisibility
 H - a potion of resistance
 M - a potion of cancellation
Miscellaneous
 J - a box of beasts


   Skills:
 + Level 14.5 Fighting
 - Level 8.0 Maces & Flails
 - Level 10.0 Throwing
 - Level 3.0 Armour
 - Level 8.0 Dodging
 - Level 3.0 Stealth
 - Level 6.0 Invocations
 - Level 3.0 Evocations


You had 11 spell levels left.
You didn't know any spells.
Your spell library contained the following spells:

 Spells                   Type           Power      Damage    Failure   Level
 Summon Guardian Golem    Hex/Summ       0%         N/A       71%         3
 Dispersal                Tloc           0%         N/A       100%        6
 Orb of Destruction       Conj           0%         9d5       100%        7
 Spellforged Servitor     Conj/Summ      0%         N/A       100%        7
 Disjunction              Tloc           0%         N/A       100%        8


Dungeon Overview and Level Annotations

Branches:
Dungeon (9/15)             Temple (1/1) D:4            Lair (3/6) D:9
  Swamp (0/4) Lair:2        Snake (0/4) Lair:2
    Orc: D:9-12

Altars:
Ashenzari
Cheibriados
Dithmenos
Elyvilon
Fedhas
Gozag
Hepliaklqana
Kikubaaqudgha
Makhleb
Nemelex Xobeh
Okawaru
Qazlal
Ru
Sif Muna
Trog
Uskayaw
Vehumet
Wu Jian
Xom
Yredelemnul
Zin
The Shining One

Shops:
D:4 ?   D:6 *

Portals:
Abyss: D:5

Annotations:
Lair:3 Befuwnopp's ghost, journeyman TrHu


Innate Abilities, Weirdness & Mutations

You are too large for most types of armour.
You have tough skin. (AC +1)


Message History

Your orange demon stings Befuwnopp's ghost from afar.
Befuwnopp's ghost hits you.
You barely miss Befuwnopp's ghost.
Befuwnopp's ghost is lightly damaged.
Your orange demon stings Befuwnopp's ghost from afar.
Befuwnopp's ghost misses you.
You sock Befuwnopp's ghost!
Befuwnopp's ghost is moderately damaged.
Your orange demon barely misses Befuwnopp's ghost.
Befuwnopp's ghost hits you!!
You hit Befuwnopp's ghost.
Befuwnopp's ghost is moderately damaged.
Your orange demon stings Befuwnopp's ghost from afar!
You sock Befuwnopp's ghost!
Befuwnopp's ghost is heavily damaged. x2
Befuwnopp's ghost hits you but does no damage.
Your orange demon stings Befuwnopp's ghost from afar.
You hit Befuwnopp's ghost but do no damage.
Befuwnopp's ghost is heavily damaged.
Befuwnopp's ghost hits you!!
Your orange demon stings Befuwnopp's ghost from afar!
You are too injured to fight recklessly!
You catch the helpless Befuwnopp's ghost completely off-guard!
You hit Befuwnopp's ghost.
Befuwnopp's ghost is severely damaged.
You block Befuwnopp's ghost's attack.
You thump Befuwnopp's ghost!
Befuwnopp's ghost is severely damaged.
Your orange demon misses Befuwnopp's ghost.
Befuwnopp's ghost hits you!!
* * * LOW HITPOINT WARNING * * *
You hit Befuwnopp's ghost but do no damage.
Befuwnopp's ghost is severely damaged.
Your orange demon barely misses Befuwnopp's ghost.
Befuwnopp's ghost completely misses you.
You hit Befuwnopp's ghost.
Befuwnopp's ghost is severely damaged. x2
Your orange demon closely misses Befuwnopp's ghost.
Befuwnopp's ghost hits you!!
You die...

.................................
.............#####...............
.............#$!?#...............
..........#..#.≈.#...............
...........#.#.≈.#...............
.............#.≈.#.....#..##.....
....÷........#.≈.#.....###.##....
.............##W##....## ####.###
.>..............@.#.### ### #
...............4..###
.................##
.................#
...............###
.........P....## ........#.....#
.........##P### ........#####


You could see Befuwnopp's ghost (ally target) and a friendly orange demon
(summoned).

Vanquished Creatures
  A hydra (Lair:2)
  A boulder beetle (D:7)
  The ghost of Peloso the Carver, a novice MiFi (Lair:1)
  The ghost of RepoMan the Geomancer, a novice NaEE of Wu Jian (D:6)
  2 black mambas (Lair:3)
  6 cane toads
  8 komodo dragons
  A rime drake (Lair:2)
  2 hornets
  3 blink frogs (Lair:1)
  The ghost of Sobaton the Cudgeller, an amateur GrFi (D:5)
  2 wyverns (Lair:1)
  A wraith (D:6)
  27 yaks
  4 basilisks (Lair:2)
  A steam dragon (D:8)
  Edmund (D:5)
  3 nagas (Lair:2)
  A small abomination (D:5)
  11 water moccasins
  2 ice beasts (D:6)
  An orc warrior (D:9)
  2 sky beasts
  A necrophage (D:6)
  A black bear (D:5)
  A centaur (D:7)
  3 wolves (Lair:1)
  A phantom (D:6)
  Blork the orc (D:5)
  9 bullfrogs
  2 scorpions
  2 wyvern zombies
  2 gnoll sergeants
  4 killer bees (D:8)
  5 wights
  4 howler monkeys
  3 centaur zombies
  3 jellies
  3 hounds
  2 orc priests
  A centaur skeleton (D:6)
  4 iguanas
  An iron imp (D:5)
  Ijyb (D:3)
  2 orc wizards
  A hound zombie (D:5)
  6 gnolls
  A howler monkey skeleton (D:7)
  11 adders
  2 river rats
  2 white imps (D:5)
  An ufetubus (D:6)
  2 adder skeletons (D:4)
  A worm (D:3)
  A dart slug (D:2)
  13 orcs
  5 endoplasms
  6 giant cockroaches
  8 goblins
  3 hobgoblins
  9 jackals
  5 kobolds
  4 quokkas (D:1)
  7 ball pythons
  6 bats
  5 frilled lizards
  3 rats
241 creatures vanquished.

Vanquished Creatures (collateral kills)
  A two-headed ogre (D:6)
  A howler monkey zombie (D:6)
  An orc (D:6)
  A jackal (D:1)
  A rat (D:1)
5 creatures vanquished.

Vanquished Creatures (others)
  11 fungi
  12 plants
  2 withered plants (Lair:1)
25 creatures vanquished.

Grand Total: 271 creatures vanquished

Notes
Turn   | Place    | Note
-------+----------+-------------------------------------------
     0 | D:1      | Murumi the Ogre Gladiator began the quest for the Orb.
     0 | D:1      | Reached XP level 1. HP: 22/22 MP: 1/1
    84 | D:1      | Reached skill level 3 in Fighting
   304 | D:1      | Reached XP level 2. HP: 8/31 MP: 2/2
   635 | D:1      | Found a faded altar of an unknown god.
   644 | D:1      | Prayed at the altar of an unknown god.
   644 | D:1      | Became a worshipper of Makhleb the Destroyer
   644 | D:1      | Reached * piety under Makhleb
   975 | D:1      | Reached skill level 1 in Invocations
  1362 | D:1      | Reached XP level 3. HP: 22/39 MP: 3/3
  1839 | D:2      | Reached skill level 4 in Fighting
  1985 | D:2      | Reached skill level 1 in Armour
  2140 | D:2      | Reached XP level 4. HP: 48/48 MP: 4/4
  2167 | D:2      | Identified a scroll of acquirement
  2167 | D:2      | Acquired a +0 cloak of stealth
  2181 | D:2      | Reached ** piety under Makhleb
  2757 | D:3      | Reached skill level 1 in Stealth
  2820 | D:3      | Found a radiant altar of Vehumet.
  2905 | D:3      | Noticed a sky beast
  2906 | D:3      | Noticed Ijyb
  2926 | D:3      | Killed a sky beast
  2927 | D:3      | Reached skill level 5 in Fighting
  2927 | D:3      | Reached XP level 5. HP: 32/57 MP: 4/6
  3094 | D:3      | Killed Ijyb
  3362 | D:3      | Reached XP level 6. HP: 38/67 MP: 7/7
  3727 | D:3      | Found a snail-covered altar of Cheibriados.
  3731 | D:3      | Found a sacrificial altar of Ru.
  3735 | D:3      | Found a hide-covered altar of Uskayaw.
  3735 | D:3      | Found a sparkling altar of Nemelex Xobeh.
  3862 | D:4      | Found a staircase to the Ecumenical Temple.
  3866 | D:4      | Reached skill level 6 in Fighting
  3870 | D:4      | Reached skill level 1 in Evocations
  3882 | Temple   | Entered the Ecumenical Temple
  4070 | D:4      | Found Otavit's Magic Scroll Emporium.
  4130 | D:4      | Found a white marble altar of Elyvilon.
  4254 | D:4      | Identified the +1 hunting sling "Beetlebane" {venom, rElec
                  | Str+4 Int-5}
  4717 | D:5      | Entered Level 5 of the Dungeon
  4717 | D:5      | You fall into a shaft and drop 1 floor!
  4725 | D:6      | Reached XP level 7. HP: 71/76 MP: 8/8
  4754 | D:6      | Found Quxkuimp's Mayhem Merchandise.
  4757 | D:6      | Found a runed translucent door.
  4763 | D:5      | Noticed Edmund
  4791 | D:5      | Killed Edmund
  4792 | D:5      | Reached skill level 7 in Fighting
  5053 | D:5      | Reached skill level 8 in Fighting
  5121 | D:5      | Found a transporter.
  5858 | D:5      | Found a transporter.
  5859 | D:5      | Found a one-way gate to the infinite horrors of the Abyss.
  5859 | D:5      | Noticed Sobaton's ghost (amateur GrFi)
  5909 | D:5      | Reached *** piety under Makhleb
  6121 | D:5      | Noticed Blork the orc
  6135 | D:5      | Killed Blork the orc
  6136 | D:5      | Reached XP level 8. HP: 70/88 MP: 9/9
  6533 | D:6      | Reached skill level 5 in Throwing
  6714 | D:6      | Noticed a wraith
  6743 | D:6      | Killed a wraith
  6744 | D:6      | Reached skill level 9 in Fighting
  7039 | D:6      | Found an opulent altar of Gozag.
  7130 | D:6      | Noticed RepoMan's ghost (novice NaEE)
  7183 | D:6      | Noticed a two-headed ogre
  7219 | D:6      | Reached XP level 9. HP: 96/98 MP: 11/11
  7226 | D:6      | Killed a two-headed ogre
  7227 | D:6      | Reached skill level 5 in Maces & Flails
  7227 | D:6      | Reached skill level 5 in Dodging
  7843 | D:6      | Reached skill level 10 in Fighting
  8473 | D:6      | Found a runed translucent door.
  8579 | D:5      | Killed Sobaton's ghost
  9757 | D:7      | Found a hide-covered altar of Uskayaw.
  9791 | D:7      | Noticed a boulder beetle
  9845 | D:7      | Killed a boulder beetle
  9846 | D:7      | Reached skill level 11 in Fighting
  9846 | D:7      | Reached XP level 10. HP: 51/113 MP: 13/13
 10861 | D:6      | Bought the +6 shillelagh "Devastator" {shatter} for 600
                  | gold pieces
 10861 | D:6      | Found the +6 shillelagh "Devastator" {shatter}
 10891 | D:6      | HP: 5/172 [RepoMan's ghost/stone arrow (27)]
 10894 | D:6      | Killed RepoMan's ghost
 10895 | D:6      | Reached skill level 12 in Fighting
 10900 | D:6      | HP: 4/115 [bullfrog (5)]
 10901 | D:6      | HP: 1/115 [bullfrog (4)]
 10910 | D:6      | HP: 4/115 [bullfrog (7)]
 11612 | D:8      | Paralysed by a hornet for 2 turns
 12561 | D:9      | Reached XP level 11. HP: 114/123 MP: 14/14
 12568 | D:9      | Reached **** piety under Makhleb
 12817 | D:9      | Found a staircase to the Lair.
 12852 | D:9      | Found a blossoming altar of Fedhas.
 13097 | Lair:1   | Entered Level 1 of the Lair of Beasts
 13136 | Lair:1   | Found a runed translucent door.
 13136 | Lair:1   | Noticed Peloso's ghost (novice MiFi)
 13187 | Lair:1   | Reached skill level 5 in Invocations
 13531 | Lair:1   | Reached skill level 13 in Fighting
 14048 | Lair:1   | Killed Peloso's ghost
 14528 | Lair:2   | Found a staircase to the Swamp.
 14768 | Lair:2   | Noticed a six-headed hydra
 14789 | Lair:2   | Killed a six-headed hydra
 14790 | Lair:2   | Reached XP level 12. HP: 86/136 MP: 15/15
 14952 | Lair:2   | Found a staircase to the Snake Pit.
 15796 | Lair:3   | Reached skill level 14 in Fighting
 16224 | Lair:3   | Reached ***** piety under Makhleb
 16448 | Lair:3   | Reached skill level 10 in Throwing
 16722 | Lair:3   | Found a runed translucent door.
 16727 | Lair:3   | Noticed Befuwnopp's ghost (journeyman TrHu)
 17137 | Lair:3   | Slain by Befuwnopp's ghost

Illustrated notes

Levels and vault maps discovered:
D:1:      dpeg_arrival_solitude, layout_loops_corners,
          hellmonk_ecumenical_altar_zigzags, st_stairs_7,
          minmay_misc_feat_four_crosses, serial_bayou_crossing
D:2:      layout_basic, minmay_misc_feat_cross
D:3:      layout_rooms, minitemple, nicolae_vehumet_radiance, uniq_ijyb
D:4:      minmay_wonky_spiral, layout_cave_pools, kennysheep_mini,
          minmay_temple_entry_proselytizer, nicolae_stop_n_shop_1
D:5:      layout_loops_cross, gammafunk_ghost_abyssal_escape,
          uniq_blork_the_orc, uniq_edmund
D:6:      minmay_opposing_rooms, layout_loops_corners, grunt_gozag_breadcrumbs,
          ebering_ghost_sewer_f, moated_statue, grunt_ministairs_13,
          minmay_misc_feat_x, chequers_serial_rivers_room_a, minmay_shop_mayhem
D:7:      minmay_inner_zag, layout_basic, kennysheep_flooded_box,
          nicolae_elevator_lobby_asterisk
D:8:      layout_loops_cross, minmay_strange_pillars
D:9:      layout_small_grid, nicolae_overflow_crystal_walls, lair_entry_dummy
Temple:   eino_narrow_crystal_temple
Lair:1:   layout_chaotic_city, gammafunk_ghost_grave,
          infiniplex_staircase_pool_2
Lair:2:   layout_long_grid, minmay_swamp_entry_reptiles,
          guppyfry_snake_entry_island, special_room,
          eino_small_chamber_without_monster
Lair:3:   layout_hall_layers, ebering_ghost_reflecting_pool, pond,
          serial_bayou_shore_b, serial_bayou_shore_b

Skill      XL: |  1  2  3  4  5  6  7  8  9 10 11 12 |
---------------+-------------------------------------+-----
Fighting       | 3 4 5 6 8 9 11 12 13 14 | 14.5
Maces & Flails | 3 4 6 7 8 |  8.0
Dodging        | 3 4 5 6 7 8 |  8.0
Invocations    | 1 2 3 4 5 6 |  6.0
Armour         | 1 2 3 |  3.0
Stealth        | 1 2 3 |  3.0
Throwing       | 3 4 5 7 8 9 10 | 10.0
Evocations     | 1 2 3 |  3.0

Action                   |  1- 3 |  4- 6 |  7- 9 | 10-12 || total
-------------------------+-------+-------+-------+-------++-------
Melee: Whip              |    95 |   144 |   347 |    72 ||   658
       Flail             |     5 |       |       |       ||     5
       Punch             |       |     2 |     6 |     4 ||    12
       Shillelagh        |       |       |       |   287 ||   287
Throw: Stone             |    70 |    35 |    64 |   179 ||   348
       Dart              |       |     9 |     9 |     3 ||    21
       Throwing net      |       |     1 |     3 |       ||     4
       Large rock        |       |       |       |     1 ||     1
Invok: Minor Destruction |       |       |     8 |       ||     8
       Lesser Servant of |       |       |     2 |     1 ||     3
Evoke: Wand              |       |       |       |     2 ||     2
  Use: Scroll            |     3 |     9 |     9 |     8 ||    29
       Potion            |       |     1 |       |     3 ||     4
 Stab: Sleeping          |       |    11 |     9 |     9 ||    29
       Held in net/web   |       |       |     2 |       ||     2
       Distracted        |       |       |       |     1 ||     1
Armor: Robe              |    23 |    43 |   102 |    19 ||   187
       Steam dragon scal |       |       |       |    33 ||    33
Dodge: Dodged            |    48 |    52 |   148 |   131 ||   379
Block: Other             |       |     9 |    62 |    54 ||   125
       Reflection        |       |       |     1 |     1 ||     2
